[Event "*** SCC Grand Prix: Titled Tuesday Blitz"]
[Site "Chess.com"]
[Date "2020.09.29"]
[Round "1"]
[White "Roza_Idrisova"]
[Black "Riptide27"]
[Result "0-1"]
[WhiteElo "2121"]
[BlackElo "2505"]
[TimeControl "180+1"]
[EndTime "10:06:21 PDT"]
[Termination "Riptide27 won on time"]

1. d4 d5 2. Nf3 Nf6 3. Bg5 c5 4. c3 Qb6 5. Qb3 Nc6 6. e3 c4 7. Qxb6 axb6 8. Nbd2 b5 9. a3 b4 10. cxb4 Nxb4 11. Rc1 Nc6 12. Bxf6 gxf6 13. e4 e6 14. Be2 b5 15. O-O Bh6 16. exd5 exd5 17. Rfe1 Be6 18. Rcd1 Kd7 19. Bf1 Rhb8 20. Nb1 b4 21.
axb4 Rxb4 22. Re2 Rab8 23. g3 Rxb2 24. Nc3 Rxe2 25. Bxe2 Rb3 26. Na4 Ra3 27. Nc5+ Kd6 28. Nb7+ Ke7 29. Nc5 Ra2 30. Bf1 Kd6 31. h3 c3 32. Nb3 c2 33. Re1 Rb2 34. Nc1 Rb1 35. Nd3 Bf5 0-1

[Event "*** SCC Grand Prix: Titled Tuesday Blitz"]
[Site "Chess.com"]
[Date "2020.09.29"]
[Round "1"]
[White "gui_borba"]
[Black "Andreikka"]
[Result "0-1"]
[WhiteElo "2423"]
[BlackElo "2853"]
[TimeControl "180+1"]
[EndTime "10:06:22 PDT"]
[Termination "Andreikka won by resignation"]

1. e4 c6 2. d4 d5 3. e5 Bf5 4. h4 h5 5. Bd3 Bxd3 6. Qxd3 Qa5+ 7. Nd2 e6 8. Nf3 Nh6 9. O-O Qa6 10. c4 Nd7 11. b3 Nf5 12. Re1 Bb4 13. a3 O-O 14. g3 c5 15. Bb2 Bxd2 16. Nxd2 Rac8 17.
Rac1 cxd4 18. Bxd4 dxc4 19. Nxc4 b5 20. Ne3 Nxe3 21. Qxe3 Qxa3 22. Ra1 Qb4 23. Rxa7 Nc5 24. Bxc5 Rxc5 25. Rd1 Rc3 26. Rd3 Rxd3 27. Qxd3 Qe1+ 28.
Kg2 Qxe5 29. Rb7 Rb8 30. Rxb8+ Qxb8 31. Qd7 g6 32. Kh3 Qa8 33. Kh2 Qf3 34. Qe8+ Kh7 35.
Qxb5 Qxf2+ 36. Kh3 e5 37. b4 e4 0-1

[Event "*** SCC Grand Prix: Titled Tuesday Blitz"]
[Site "Chess.com"]
[Date "2020.09.29"]
[Round "1"]
[White "vladislavkovalev"]
[Black "CookiesAndIceCream"]
[Result "1-0"]
[WhiteElo "2825"]
[BlackElo "2406"]
[TimeControl "180+1"]
[EndTime "10:06:22 PDT"]
[Termination "vladislavkovalev won by resignation"]

1. e4 e6 2. d4 d5 3. Nd2 c5 4. Ngf3 cxd4 5. Nxd4 Nc6 6. Bb5 Bd7 7. Nxc6 bxc6 8. Bd3 Qc7 9. O-O Bd6 10. Nf3 Ne7 11.
Qe2 e5 12. Re1 f5 13. exd5 e4 14. dxc6 Bxc6 15. Bg5 exf3 16. gxf3 Kf8 17. Bc4 h6 18. Qe6 Be8 19. Bd2 Qd7 20. Rad1 Qxe6 21. Rxe6 Bf7 22. Rxd6 Bxc4 23. b3 Bd5 24. Bb4 Bxf3 25. Re1 Re8 26. Rd7 Be4 27. f3 Bxf3 28. Rexe7 Rxe7 29. Rxe7 Kg8 30. Rxa7 Be4 31. c4 Kh7 32. Bc3 Rg8 33. b4 h5 34. b5 Kh6 35. c5 g5 36. c6 Rd8 37. Rd7 Re8 1-0

[Event "*** SCC Grand Prix: Titled Tuesday Blitz"]
[Site "Chess.com"]
[Date "2020.09.29"]
[Round "1"]
[White "Zarinur"]
[Black "GelmanAlexander"]
[Result "0-1"]
[WhiteElo "2182"]
[BlackElo "2524"]
[TimeControl "180+1"]
[EndTime "10:06:22 PDT"]
[Termination "GelmanAlexander won by resignation"]

1. e4 c5 2. Nf3 e6 3. g3 d6 4. Bg2 a6 5. O-O Nc6 6. Re1 Nf6 7. Qe2 Be7 8. e5 dxe5 9. Nxe5 Nd4 10. Qd1 O-O 11.
c3 Nf5 12. d3 Nd7 13. Nxd7 Qxd7 14. Bf4 Rd8 15. Be4 Nd6 16. Nd2 Nxe4 17. dxe4 b5 18.
Qf3 Bb7 19. Rad1 Qc6 20. Nb3 Rxd1 21. Qxd1 a5 22. c4 a4 23. cxb5 Qxb5 24. Nd2 Qxb2 25.
Qb1 a3 26. Nc4 Qb4 27. Qxb4 cxb4 28. Bd6 Bxd6 29. Nxd6 Ba6 30. Rb1 Rb8 31. e5 Kf8 32.
f3 Bd3 33. Rb3 Bc2 34. Re3 b3 35. axb3 a2 36. Re1 Bb1 0-1

[Event "*** SCC Grand Prix: Titled Tuesday Blitz"]
[Site "Chess.com"]
[Date "2020.09.29"]
[Round "1"]
[White "dosto07"]
[Black "GregShahade"]
[Result "1/2-1/2"]
[WhiteElo "2321"]
[BlackElo "2628"]
[TimeControl "180+1"]
[EndTime "10:06:23 PDT"]
[Termination "Game drawn by agreement"]

1. e4 e5 2. Nf3 Nc6 3. Bb5 a6 4.
Ba4 Nf6 5. O-O Be7 6. Re1 b5 7. Bb3 O-O 8. a4 Bb7 9. d3 d6 10.
Nc3 Na5 11. Ba2 b4 12. Ne2 c5 13. Ng3 Rb8 14. Nf5 Bc8 15. Nxe7+ Qxe7 16. Bg5 h6 17. Bh4 Be6 18. Nd2 Bxa2 19. Rxa2 Qe6 20. Ra1 Rfc8 21. Bxf6 Qxf6 22. Nc4 Nc6 23. c3 Qe6 24. a5 Rb5 25. Nb6 Rb8 26. Nd5 Rxa5 27. Rxa5 Nxa5 28. Qa4 Nb7 29. Qxa6 bxc3 30. bxc3 Nd8 31. h3 Kh7 32. Ra1 Rc8 33. Rb1 c4 34. dxc4 Rc6 35. Qa8 Rc8 36. Qa6 1/2-1/2

[Event "*** SCC Grand Prix: Titled Tuesday Blitz"]
[Site "Chess.com"]
[Date "2020.09.29"]
[Round "1"]
[White "isainz"]
[Black "lucasmito"]
[Result "0-1"]
[WhiteElo "2018"]
[BlackElo "2482"]
[TimeControl "180+1"]
[EndTime "10:06:23 PDT"]
[Termination "lucasmito won on time"]

1. e4 e5 2. Nf3 Nc6 3. Bc4 Nf6 4. d3 Bc5 5. c3 d6 6. O-O h6 7. Re1 a6 8. a4 Ba7 9. Nbd2 g5 10. Nf1 g4 11.
N3d2 h5 12. Ne3 Rg8 13. Ndf1 h4 14. Nf5 Bxf5 15. exf5 g3 16. Be3 gxf2+ 17. Bxf2 Bxf2+ 18. Kxf2 Ng4+ 19. Kg1 Qg5 20. Qf3 O-O-O 21. h3 Nf6 22. Bxa6 e4 23. Bxb7+ Kxb7 24. dxe4 Ne5 25. Qf2 Nd3 26.
Qf3 Ne5 27. Qf2 Nh5 28. Re3 Nf4 29. g4 hxg3 30. Rxg3 Nxh3+ 0-1

[Event "*** SCC Grand Prix: Titled Tuesday Blitz"]
[Site "Chess.com"]
[Date "2020.09.29"]
[Round "1"]
[White "Ze-Pequeno"]
[Black "Anna_ChessMate"]
[Result "0-1"]
[WhiteElo "2250"]
[BlackElo "2569"]
[TimeControl "180+1"]
[EndTime "10:06:24 PDT"]
[Termination "Anna_ChessMate won by resignation"]

1. e4 c6 2. d4 d5 3. Nc3 dxe4 4. Nxe4 Bf5 5. Ng3 Bg6 6. h4 h6 7. h5 Bh7 8. Nf3 e6 9. Bd3 Bxd3 10. Qxd3 Nf6 11.
Bd2 c5 12. Qb5+ Nc6 13. dxc5 Qd5 14. O-O-O Qxa2 15. Bc3 Qa1+ 16. Kd2 Qa6 17. Qxa6 bxa6 18. Bxf6 gxf6 19. Ne4 f5 20. Nd6+ Bxd6 21. cxd6 Kd7 22. Ke2 Rab8 23. b3 Rhg8 24. g3 e5 25. Nh4 Rg5 26.
f4 Rxg3 27. Nxf5 Rg2+ 28. Kf3 Rxc2 29. Rd3 Rb4 30. Re1 Rxf4+ 31. Kg3 Rxf5 0-1

[Event "*** SCC Grand Prix: Titled Tuesday Blitz"]
[Site "Chess.com"]
[Date "2020.09.29"]
[Round "1"]
[White "norwaytoadog"]
[Black "crackcubano"]
[Result "1-0"]
[WhiteElo "2320"]
[BlackElo "2610"]
[TimeControl "180+1"]
[EndTime "10:06:27 PDT"]
[Termination "norwaytoadog won by resignation"]

1. e4 c5 2. Nf3 d6 3. Bb5+ Nd7 4. d4 cxd4 5. Qxd4 a6 6. Bxd7+ Bxd7 7. c4 Nf6 8. Bg5 Rc8 9. Nc3 Qc7 10. b3 b5 11.
Bxf6 gxf6 12. Nd5 Qa5+ 13. b4 Qa3 14. O-O Rxc4 15. Qb6 Bh6 16. Rad1 Rc6 17. Qb7 Rg8 18.
Kh1 Rc2 19. Nd4 Rc4 20. Nb6 Bc8 21. Nxc8 Kf8 22. Qxe7+ Kg7 23. Ne6+ 1-0

[Event "*** SCC Grand Prix: Titled Tuesday Blitz"]
[Site "Chess.com"]
[Date "2020.09.29"]
[Round "1"]
[White "WarEmblem"]
[Black "anasta10"]
[Result "0-1"]
[WhiteElo "2110"]
[BlackElo "2500"]
[TimeControl "180+1"]
[EndTime "10:06:27 PDT"]
[Termination "anasta10 won on time"]

1. e4 e6 2. d4 d5 3. Bd3 dxe4 4. Bxe4 Nf6 5. Bf3 Be7 6. Ne2 O-O 7. c4 c5 8. Nbc3 cxd4 9. Nxd4 e5 10. Nc2 Qxd1+ 11.
Bxd1 Be6 12. b3 Nc6 13. O-O Nd4 14. Nxd4 exd4 15. Nb5 Rfd8 16. Bf3 Rd7 17. Bb2 Bc5 18. Rad1 Rad8 19. Rfe1 a6 20. Na3 h6 21. Nc2 d3 22. Ne3 Bxe3 23. Rxe3 b5 24. Bxf6 gxf6 25. cxb5 axb5 26. Bc6 Rc7 27. Bxb5 d2 0-1

[Event "*** SCC Grand Prix: Titled Tuesday Blitz"]
[Site "Chess.com"]
[Date "2020.09.29"]
[Round "1"]
[White "Shuvalov"]
[Black "gmcorrales"]
[Result "0-1"]
[WhiteElo "2425"]
[BlackElo "2884"]
[TimeControl "180+1"]
[EndTime "10:06:29 PDT"]
[Termination "gmcorrales won by resignation"]

1. Nf3 c5 2. c4 Nc6 3. g3 Nf6 4. Bg2 d5 5. O-O d4 6. e3 e5 7.
exd4 exd4 8. Re1+ Be7 9. d3 O-O 10. Bf4 Bd6 11. Ne5 Nxe5 12. Bxe5 Bxe5 13. Rxe5 Qd6 14. Re1 Bg4 15. Qb3 Rae8 16. Nd2 b6 17. Qa4 a5 18. a3 Bf5 19. Qb3 h6 20. Kf1 g5 21. Rxe8 Rxe8 22. Re1 Rxe1+ 23. Kxe1 Ng4 24. h3 Ne5 25. Be4 Bxh3 26. f4 Ng4 27. Qb5 Ne3 28. Qe8+ Kg7 29. Qe5+ Qxe5 30. fxe5 Be6 31. Kf2 Ng4+ 32.
Kg2 Nxe5 33. Nf3 Nxf3 34. Kxf3 f5 35. Bc6 Kf6 36. Kf2 Ke5 37. Bf3 f4 38. g4 Bf7 39.
Ke2 Bg6 40. Kd2 Kf6 41. a4 Be8 42. b3 Kg7 43. Ke2 h5 44. Kd2 Kh6 45. Ke2 hxg4 46. Bxg4 Bh5 0-1

[Event "*** SCC Grand Prix: Titled Tuesday Blitz"]
[Site "Chess.com"]
[Date "2020.09.29"]
[Round "1"]
[White "FM_VS99"]
[Black "Jumbo"]
[Result "0-1"]
[WhiteElo "2366"]
[BlackElo "2708"]
[TimeControl "180+1"]
[EndTime "10:06:30 PDT"]
[Termination "Jumbo won by resignation"]

1. c4 e6 2. Nf3 d5 3. g3 d4 4. Bg2 c5 5. b4 cxb4 6. O-O Nc6 7. a3 a5 8. axb4 Bxb4 9. Ba3 Nge7 10. Bxb4 Nxb4 11. Na3 O-O 12. d3 Nec6 13. Qb3 e5 14.
Rfb1 Be6 15. Nc2 f6 16. Qb2 Qc7 17. Nfe1 Ra7 18. Nxb4 Nxb4 19. Nc2 Nxc2 20. Qxc2 b6 21. Rb5 Bd7 22. Bd5+ Kh8 23. Rb2 Qc5 24. Qb3 Rb8 25.
Qa3 Rc7 26. Bf3 g6 27. h4 Kg7 28. Qa2 a4 29. Rab1 h5 30. Bd5 b5 31. cxb5 Rxb5 32. Rxb5 Bxb5 33. Kg2 a3 34. Bc4 Bc6+ 35. f3 Ra7 36. Rb8 Qd6 37. Rc8 Qd7 38. Be6 Qd6 39.
Bf5 Bd5 0-1

[Event "*** SCC Grand Prix: Titled Tuesday Blitz"]
[Site "Chess.com"]
[Date "2020.09.29"]
[Round "1"]
[White "chessdjw"]
[Black "Teidi96"]
[Result "1-0"]
[WhiteElo "2625"]
[BlackElo "2304"]
[TimeControl "180+1"]
[EndTime "10:06:30 PDT"]
[Termination "chessdjw won on time"]

1. c4 e5 2. d3 Nf6 3. Nf3 Nc6 4. a3 d5 5. cxd5 Nxd5 6. e4 Nb6 7. Be2 Be6 8. Be3 Qd7 9. Ng5 h6 10. Nxe6 Qxe6 11.
Nd2 Be7 12. O-O O-O 13. b4 Rad8 14. Nb3 Nd4 15. Nxd4 exd4 16. Bd2 c5 17. bxc5 Bxc5 18. a4 Nd7 19. Bg4 Qe7 20. f4 b6 21. Qb3 Nf6 22. Bf3 Qe6 23. Qxe6 fxe6 24. g4 Nd7 25. h4 e5 26. f5 Be7 27. g5 hxg5 28. hxg5 Nc5 29. Bd1 Rfe8 30. Rf3 Rc8 31. Kg2 Bd6 32. Bc2 Kf8 33.
Bd1 Ke7 34. a5 Ra8 35. Rh3 Rh8 36. Rxh8 Rxh8 37. axb6 axb6 38. Ra7+ Nd7 39. Ba4 Rd8 40. f6+ gxf6 41. gxf6+ Ke6 42. Bg5 Nxf6 43. Bb3+ 1-0

[Event "*** SCC Grand Prix: Titled Tuesday Blitz"]
[Site "Chess.com"]
[Date "2020.09.29"]
[Round "1"]
[White "MFBerna"]
[Black "Vugar_Manafov"]
[Result "1-0"]
[WhiteElo "2380"]
[BlackElo "2686"]
[TimeControl "180+1"]
[EndTime "10:06:32 PDT"]
[Termination "MFBerna won by resignation"]

1. d4 Nf6 2. Nf3 e6 3. g3 d5 4. Bg2 Nbd7 5. O-O Be7 6. c4 O-O 7. b3 c6 8. Bb2 Ne4 9. Nbd2 f5 10. Rc1 a5 11. a3 Bd6 12. Qc2 Qe7 13. c5 Bc7 14. b4 e5 15. dxe5 Nxd2 16. Qxd2 Nxe5 17. Nxe5 Bxe5 18. b5 Bxb2 19. Qxb2 Be6 20. Qe5 Rfe8 21. Rc2 a4 22. Rb1 Ra5 23. bxc6 bxc6 24. Qd4 f4 25. Qxf4 Bf5 26. Qxf5 Rxc5 27. Rbc1 Rxc2 28. Rxc2 Qxa3 29. Rxc6 Qa1+ 30. Bf1 a3 31. Rc7 Kh8 32. Rc8 Rg8 33. Qe6 1-0

[Event "*** SCC Grand Prix: Titled Tuesday Blitz"]
[Site "Chess.com"]
[Date "2020.09.29"]
[Round "1"]
[White "Ermito2020"]
[Black "Kislov_Oleg"]
[Result "1-0"]
[WhiteElo "2674"]
[BlackElo "2345"]
[TimeControl "180+1"]
[EndTime "10:06:32 PDT"]
[Termination "Ermito2020 won by checkmate"]

1. e4 e6 2. d4 d5 3. Nc3 Nf6 4. e5 Nfd7 5. f4 c5 6. Nf3 Nc6 7. Be3 a6 8. Qd2 b5 9. dxc5 Bxc5 10. Bxc5 Nxc5 11. Nd4 Qb6 12. Nxc6 Qxc6 13. Qd4 Rb8 14. a3 a5 15. b4 axb4 16. axb4 Na4 17. Bxb5 Rxb5 18.
Rxa4 Rb8 19. b5 Qb6 20. Qxb6 Rxb6 21. Kd2 O-O 22. Rb1 Bd7 23. Ra7 Be8 24. Ra6 Rb8 25.
b6 d4 26. Ne2 Bc6 27. g3 Rfd8 28. Rb4 Bb7 29. Ra7 Be4 30. Nxd4 h5 31. Ke3 Bg2 32.
c4 Rdc8 33. b7 Rc7 34. Ra8 Rxa8 35. bxa8=Q+ Bxa8 36.
Rb8+ Kh7 37. Rxa8 Rxc4 38. Nf3 Kg6 39. Ra7 f6 40. Re7 Rc6 41. Nh4+ Kh6 42. f5 exf5 43. Nxf5+ Kg5 44. Nd4 Rc3+ 45. Kd2 Ra3 46. Rxg7+ Kh6 47. exf6 h4 48. Nf5+ Kh5 49. g4# 1-0

[Event "*** SCC Grand Prix: Titled Tuesday Blitz"]
[Site "Chess.com"]
[Date "2020.09.29"]
[Round "1"]
[White "BillieKimbah"]
[Black "Emp3rador"]
[Result "1-0"]
[WhiteElo "2916"]
[BlackElo "2434"]
[TimeControl "180+1"]
[EndTime "10:06:33 PDT"]
[Termination "BillieKimbah won by checkmate"]

1. Nf3 d5 2. e3 Nf6 3. c4 c6 4. Nc3 a6 5. h3 Bf5 6. Qb3 b5 7. cxd5 Nxd5 8. a4 Nxc3 9. Qxc3 Qb6 10. Nd4 Bd7 11. axb5 cxb5 12. Nxb5 Nc6 13. Na3 e6 14. Be2 f6 15. Nc4 Qc7 16. Bh5+ Kd8 17.
O-O Bb4 18. Qc2 Ke7 19. Be2 g6 20. b3 Rhc8 21. Bb2 Kf7 22. Rfc1 Be7 23. Bc3 Qb7 24. Bf3 Qb5 25. Rcb1 Rab8 26. Qe4 Qf5 27. Qh4 Kg7 28. e4 Qb5 29. Nd6 Bxd6 30. Qxf6+ Kh6 31. Qg7+ Kg5 32. Bf6+ Kf4 33. Qh6+ g5 34. Qh5 e5 35. g3# 1-0

[Event "*** SCC Grand Prix: Titled Tuesday Blitz"]
[Site "Chess.com"]
[Date "2020.09.29"]
[Round "1"]
[White "latixxa"]
[Black "Th3_Hound"]
[Result "0-1"]
[WhiteElo "2181"]
[BlackElo "2523"]
[TimeControl "180+1"]
[EndTime "10:06:33 PDT"]
[Termination "Th3_Hound won by resignation"]

1. Nf3 d5 2. c4 e6 3. Nc3 Nf6 4. d4 dxc4 5. e4 Bb4 6. Bxc4 Nxe4 7. O-O Nxc3 8. bxc3 Be7 9. Bf4 O-O 10. Rb1 b6 11. Ne5 Bb7 12. Bd3 g6 13. Bh6 Re8 14.
Qg4 f5 15. Qe2 Bg5 16. Bxg5 Qxg5 17. f4 Qe7 18. Bc4 a6 19. Nf3 b5 20. Bb3 Nd7 21. Ng5 Bd5 22. Rbe1 Bxb3 23. axb3 Nf8 24. d5 Qc5+ 25. Kh1 Qxd5 26. Qc2 Rad8 27. h3 Qd3 28.
Qb2 Qd2 29. Qa1 Qd6 30. Re5 Nd7 31. Re2 e5 32. fxe5 Rxe5 33. Ref2 Nf6 34. c4 Nh5 35. Rf3 Re2 36. Qc3 Qd2 37. Qxd2 Rdxd2 0-1

[Event "*** SCC Grand Prix: Titled Tuesday Blitz"]
[Site "Chess.com"]
[Date "2020.09.29"]
[Round "1"]
[White "Dr-Bassem"]
[Black "Orest_Vovk"]
[Result "1-0"]
[WhiteElo "2772"]
[BlackElo "2395"]
[TimeControl "180+1"]
[EndTime "10:06:34 PDT"]
[Termination "Dr-Bassem won on time"]

1. e4 g5 2. d4 g4 3. Qxg4 d5 4. Qh4 dxe4 5. Qxe4 Nf6 6. Qh4 Rg8 7. Bg5 Rxg5 8. Qxg5 Qxd4 9. Nc3 Nc6 10. Nf3 Qb6 11.
O-O-O Ng4 12. Kb1 Nxf2 13. Nd5 Qa5 14. b4 Qxd5 15. Rxd5 Nxh1 16. Bb5 Nf2 17. Nd4 Bd7 18. Rxd7 Kxd7 19. Qd5+ Kc8 20. Nxc6 bxc6 21. Ba6+ 1-0

[Event "*** SCC Grand Prix: Titled Tuesday Blitz"]
[Site "Chess.com"]
[Date "2020.09.29"]
[Round "1"]
[White "csati17"]
[Black "Srisshhhtea"]
[Result "1-0"]
[WhiteElo "2578"]
[BlackElo "2272"]
[TimeControl "180+1"]
[EndTime "10:06:34 PDT"]
[Termination "csati17 won by resignation"]

1. c4 Nf6 2. Nc3 g6 3. e4 d6 4.
g3 Bg7 5. Bg2 O-O 6. Nge2 c5 7.
O-O Nc6 8. d3 a6 9. Rb1 Rb8 10. a3 b5 11. cxb5 axb5 12. b4 cxb4 13. axb4 Nd7 14. d4 Ba6 15. e5 Rc8 16. exd6 exd6 17.
Nd5 Nb6 18. Nxb6 Qxb6 19. Be3 Qb8 20. Nf4 Ne7 21. Bh3 Rc4 22. Re1 Bb7 23. Bf1 Qc8 24. Rc1 Rxc1 25. Qxc1 Nf5 26. Qd2 Qc6 27. Bg2 Qd7 28.
Nd5 Nxe3 29. Rxe3 Re8 30. Nb6 Qd8 31. Rxe8+ Qxe8 32. Bxb7 Qb8 33. Qe3 Qxb7 34. Qe8+ Bf8 35. Nd7 1-0

[Event "*** SCC Grand Prix: Titled Tuesday Blitz"]
[Site "Chess.com"]
[Date "2020.09.29"]
[Round "1"]
[White "Sergey85Rodchenkov"]
[Black "lachesisQ"]
[Result "0-1"]
[WhiteElo "2455"]
[BlackElo "3105"]
[TimeControl "180+1"]
[EndTime "10:06:35 PDT"]
[Termination "lachesisQ won by resignation"]

1. e4 e6 2. d4 d5 3. Nd2 a5 4. c3 a4 5. Bd3 c5 6. Ngf3 Nc6 7.
exd5 exd5 8. O-O Nf6 9. Re1+ Be7 10. Nf1 O-O 11. Ng3 Re8 12. h3 h5 13. Bg5 cxd4 14. cxd4 Be6 15. Nf5 Bxf5 16. Bxf5 Ne4 17. Bxe7 Qxe7 18. Nd2 Qh4 19. Bxe4 dxe4 20. Nf1 Rad8 21.
d5 Nb4 22. Ne3 Nd3 23. Re2 b5 24. Rd2 Qg5 25. Rxd3 exd3 26. Qxd3 b4 27. Rd1 Rd6 28. Qb5 Re4 29. Qb8+ Rd8 30. Qc7 Qe7 31. Qc6 Qd7 32.
Qc2 Rde8 33. d6 R4e6 34. Qc5 b3 35. a3 Rd8 36. Nf5 g6 37. Ne7+ Rxe7 38. dxe7 Qxd1+ 39. Kh2 Re8 0-1

[Event "*** SCC Grand Prix: Titled Tuesday Blitz"]
[Site "Chess.com"]
[Date "2020.09.29"]
[Round "1"]
[White "XDPS"]
[Black "Alindsay211"]
[Result "1-0"]
[WhiteElo "2762"]
[BlackElo "2386"]
[TimeControl "180+1"]
[EndTime "10:06:35 PDT"]
[Termination "XDPS won by resignation"]

1. d4 Nf6 2. Bf4 g6 3. Nc3 Bg7 4. Qd2 O-O 5. e4 d6 6. O-O-O Nbd7 7. h4 c5 8. d5 Rb8 9. h5 b5 10. hxg6 fxg6 11. f3 b4 12. Nce2 Ne5 13. Ng3 Qa5 14.
Kb1 Ba6 15. Bxe5 dxe5 16. Nh3 Rb6 17. Ne2 Rc8 18. Nc1 c4 19. Ng5 c3 20. Qe3 Bxf1 21. Rhxf1 Qa4 22. Qe2 cxb2 23. Kxb2 Qa3+ 24. Kb1 Bh6 25.
f4 exf4 26. Nf3 Ng4 27. Rd3 Ne3 28. Rxa3 1-0

[Event "*** SCC Grand Prix: Titled Tuesday Blitz"]
[Site "Chess.com"]
[Date "2020.09.29"]
[Round "1"]
[White "Vamostodorecto"]
[Black "GiantThresher"]
[Result "0-1"]
[WhiteElo "2398"]
[BlackElo "2779"]
[TimeControl "180+1"]
[EndTime "10:06:36 PDT"]
[Termination "GiantThresher won by resignation"]

1. d4 Nf6 2. c4 g6 3. Nc3 d5 4. cxd5 Nxd5 5. e4 Nxc3 6. bxc3 Bg7 7. Nf3 c5 8. Be3 Qa5 9. Qd2 O-O 10. Rb1 b6 11. h4 Rd8 12. h5 cxd4 13. cxd4 Nc6 14. hxg6 hxg6 15. Qxa5 Nxa5 16. Bb5 Bb7 17. d5 Rac8 18.
Bd4 Rc2 19. Bxg7 Kxg7 20. a4 Rdc8 21. Rh3 Rc1+ 22. Rxc1 Rxc1+ 23. Kd2 Nb3+ 24. Ke3 Rc3+ 25. Kf4 f6 26. Bd7 Nc5 27. Be6 Nxe6+ 28. dxe6 g5+ 29. Kf5 Rc5+ 30. Kg4 Bxe4 31. Nd4 Rd5 32. Nc6 Bf5+ 33. Kg3 Bxh3 34. Kxh3 Rd6 35. Nxe7 Rxe6 36. Nf5+ Kg6 37. Nd4 Re4 0-1

[Event "*** SCC Grand Prix: Titled Tuesday Blitz"]
[Site "Chess.com"]
[Date "2020.09.29"]
[Round "1"]
[White "SanchezKelvin"]
[Black "anon219"]
[Result "0-1"]
[WhiteElo "2382"]
[BlackElo "2752"]
[TimeControl "180+1"]
[EndTime "10:06:36 PDT"]
[Termination "anon219 won on time"]

1. e4 c5 2. Nf3 a6 3. c4 Nc6 4. d4 cxd4 5. Nxd4 e5 6. Nxc6 bxc6 7. Nc3 Bc5 8. Bd3 Nf6 9. O-O O-O 10. Kh1 d6 11. f4 h6 12. Qe1 Rb8 13. b3 Bd4 14. Bd2 Re8 15. f5 d5 16. Rc1 Bb7 17. cxd5 cxd5 18. Nxd5 Nxd5 19. exd5 Qxd5 20. Qe2 e4 21. Bc4 Qd7 22. Bf4 Rbd8 23. f6 Bxf6 24. Bxh6 e3 25. Bf4 Qh3 26. Rcd1 Rxd1 27. Rxd1 Qh4 28. Bg3 Qe4 29.
Kg1 a5 30. Bd3 Qb4 31. Bb5 Rc8 32. Bc4 Qb6 33. Rf1 Rd8 34. Be1 a4 35. Kh1 a3 36. Kg1 Qd4 37. Kh1 Bd5 0-1

[Event "*** SCC Grand Prix: Titled Tuesday Blitz"]
[Site "Chess.com"]
[Date "2020.09.29"]
[Round "1"]
[White "Supernotar"]
[Black "mbachez"]
[Result "1-0"]
[WhiteElo "2807"]
[BlackElo "2405"]
[TimeControl "180+1"]
[EndTime "10:06:38 PDT"]
[Termination "Supernotar won on time"]

1. d4 Nf6 2. c4 c5 3. d5 b5 4. Nf3 Bb7 5. b3 bxc4 6. bxc4 g6 7.
Bb2 Bg7 8. Nbd2 O-O 9. e4 d6 10.
Be2 Nbd7 11. O-O Rb8 12. Rb1 Qa5 13. Qc2 Nb6 14. Bc3 Qa4 15. Rb3 Ba6 16. Ba1 Nfd7 17. Bxg7 Kxg7 18. Rfb1 f6 19. Qc3 Na8 20. Ra3 Rxb1+ 21.
Nxb1 Rb8 22. Rxa4 Rxb1+ 23. Bf1 Nc7 24. Nd2 Rd1 25. Qc2 Re1 26. f3 Nb6 27. Ra3 Ra1 28.
Nb3 Re1 29. Kf2 Rxf1+ 30. Kxf1 Nxc4 31. Kf2 Nxa3 32. Qc3 Nc4 33. Na5 Ne5 34. Nc6 Nd3+ 35. Ke3 Kf7 36. Qa5 1-0

[Event "*** SCC Grand Prix: Titled Tuesday Blitz"]
[Site "Chess.com"]
[Date "2020.09.29"]
[Round "1"]
[White "Onischuk_V"]
[Black "Manukyan_Artak"]
[Result "1-0"]
[WhiteElo "2888"]
[BlackElo "2425"]
[TimeControl "180+1"]
[EndTime "10:06:40 PDT"]
[Termination "Onischuk_V won on time"]

1. e4 c6 2. d4 d5 3. Nc3 dxe4 4. Nxe4 Nf6 5. Nxf6+ exf6 6. c3 Bd6 7. Bd3 O-O 8. Ne2 Qc7 9. h3 Re8 10. O-O Nd7 11.
Be3 Nf8 12. Qd2 Ng6 13. Rae1 Nh4 14. f4 Bd7 15. f5 c5 16. d5 Re5 17. c4 Nxf5 18. Bf4 Rxe2 19. Rxe2 Nd4 20. Ree1 Re8 21. Rxe8+ Bxe8 22. Bxd6 Qxd6 23. Qf4 Qxf4 24. Rxf4 Kf8 25. Rf1 Bd7 26. Kf2 Ke7 27. Ke3 Kd6 28. b4 b6 29.
a3 f5 30. bxc5+ bxc5 31. Rb1 Kc7 32. Kf4 g6 33. Kg5 1-0

[Event "*** SCC Grand Prix: Titled Tuesday Blitz"]
[Site "Chess.com"]
[Date "2020.09.29"]
[Round "1"]
[White "KyrgyzFighter"]
[Black "jposthuma"]
[Result "1-0"]
[WhiteElo "2367"]
[BlackElo "2676"]
[TimeControl "180+1"]
[EndTime "10:06:40 PDT"]
[Termination "KyrgyzFighter won on time"]

1. c4 Nf6 2. Nc3 e5 3. Nf3 d6 4. e3 Nbd7 5. d4 g6 6. Be2 Bg7 7. O-O O-O 8. b3 b6 9. Bb2 Bb7 10. d5 e4 11. Ng5 Qe7 12. Qc2 Rfe8 13. Nb5 h6 14. Nh3 Ne5 15. Bxe5 dxe5 16. Rad1 c6 17. d6 Qd7 18. Nc7 c5 19. Nxa8 Rxa8 20. Rd2 g5 21.
Kh1 g4 22. Ng1 h5 23. a3 a5 24. Rb1 Qf5 25. Bf1 h4 26. b4 cxb4 27. axb4 a4 28. c5 bxc5 29. bxc5 Bc6 30. Rb6 Rc8 31. Ba6 h3 32.
Bxc8 hxg2+ 33. Kxg2 Qxc8 34. Qb1 Qd7 35. Rb8+ Kh7 36.
Qb6 Ne8 37. Rd8 Qe6 38. Qxc6 1-0

[Event "*** SCC Grand Prix: Titled Tuesday Blitz"]
[Site "Chess.com"]
[Date "2020.09.29"]
[Round "1"]
[White "sergoy"]
[Black "venus02"]
[Result "1-0"]
[WhiteElo "2862"]
[BlackElo "2423"]
[TimeControl "180+1"]
[EndTime "10:06:41 PDT"]
[Termination "sergoy won on time"]

1. d4 Nf6 2. Nf3 e6 3. c4 d5 4. Nc3 c6 5. Bg5 h6 6. Bh4 dxc4 7. e4 g5 8. Bg3 b5 9. h4 g4 10. Ne5 Nbd7 11. Nxc6 Qb6 12. d5 Bb7 13. a4 a6 14.
Be2 Bb4 15. Nxb4 Nc5 16. a5 Qa7 17. Qd4 Nd3+ 18. Qxd3 cxd3 19. Nxd3 O-O 20. O-O exd5 21. e5 Ne4 22. Nxe4 dxe4 23. Nf4 Bc8 24. Rad1 Bf5 25.
Rd6 Kh7 26. Rfd1 Qe7 27. Rf6 Be6 28. Rd6 Rad8 29. Nxe6 fxe6 30. Rdxe6 Qg7 31. Bf4 Rxf6 32. exf6 Qg6 33. Rxa6 Rf8 34. Ra7+ Kh8 35. Be5 Qf5 36. Re7 g3 37. Bxg3 Rxf6 38. Re5 Qd7 39. Bxb5 1-0

[Event "*** SCC Grand Prix: Titled Tuesday Blitz"]
[Site "Chess.com"]
[Date "2020.09.29"]
[Round "1"]
[White "nitpicker"]
[Black "davidkalashian"]
[Result "0-1"]
[WhiteElo "2269"]
[BlackElo "2577"]
[TimeControl "180+1"]
[EndTime "10:06:41 PDT"]
[Termination "davidkalashian won on time"]

1. d4 Nf6 2. c4 e6 3. Nf3 b6 4. a3 Ba6 5. Qc2 Bb7 6. Nc3 c5 7. e4 cxd4 8. Nxd4 Bc5 9. Nf3 Nc6 10. Bd3 Nd4 11. Qd1 O-O 12. O-O Nxf3+ 13. Qxf3 Be7 14. Be3 d6 15. Rfd1 a6 16. Rac1 Qc7 17. b4 Rac8 18.
Qe2 Nd7 19. f4 Qb8 20. Qf2 Bd8 21. Na4 Bc6 22. Nb2 Nf6 23. e5 dxe5 24. fxe5 Qxe5 25. Bd4 Qg5 26. h3 Bc7 27. Bxf6 Qxf6 28. Qxf6 gxf6 29. Bf1 Rfd8 30. Nd3 Bg3 31. Nf2 f5 32. Nd3 Kf8 33. Be2 Ke7 34. Bf3 Bxf3 35. gxf3 Rd4 36. c5 bxc5 37.
Nxc5 Rxd1+ 38. Rxd1 a5 39. Rd7+ Ke8 40. Rb7 axb4 41.
axb4 Bd6 42. Nd3 Rc3 43. Ne1 Bg3 0-1

[Event "*** SCC Grand Prix: Titled Tuesday Blitz"]
[Site "Chess.com"]
[Date "2020.09.29"]
[Round "1"]
[White "juancruzarias"]
[Black "manuellarrea"]
[Result "1-0"]
[WhiteElo "2500"]
[BlackElo "2104"]
[TimeControl "180+1"]
[EndTime "10:06:41 PDT"]
[Termination "juancruzarias won on time"]

1. e4 c5 2. Nc3 Nc6 3. Bb5 Nd4 4. Bc4 e6 5. Nf3 Nf6 6. O-O a6 7. a4 d5 8. exd5 exd5 9. Ba2 Bg4 10. Qe1+ Be7 11.
Nxd4 cxd4 12. Ne2 Qb6 13. Nf4 Be6 14. d3 O-O 15. Qe2 Rfe8 16. Nxe6 fxe6 17. Re1 Bb4 18. Rf1 Rac8 19. Bb3 Qd6 20. Bg5 Kh8 21. f4 Ba5 22. Rf3 Re7 23. Rh3 Rce8 24. Rf1 Qb4 25. Qf2 b5 26.
axb5 axb5 27. Qh4 Rf7 28. Bxf6 gxf6 29. f5 Qd6 30. fxe6 Rxe6 31. Qh5 Rfe7 32. Bxd5 Re5 33.
Qh6 Qxd5 34. Qxf6+ Kg8 35. Rg3+ 1-0